Unix NetHack Version 5.0.0-0 post-release - last build May  4 2026 22:22:43 (774f63e81ad911689b3a0859ea89b322d5daca8d,branch:main).

Game began 2026-05-08 06:14:20, ended 2026-05-08 06:22:43.

31245981910, neutral male gnomish Caveman

                                                            ------
                                                            |....|
                                                         ----.|..|
                                                        --....|-.---
                                                        |..----|...---------
                                                   -- ---.--   --->....||..---
                                                   |.....@|      -----.--....|
                                                   -- |.k--          |.......|
                                                      ---           --......--
                                                                    |...)..--
                                                                    |......|
                                                                    ---..^.---
                                                                      |......--
                                                                      -.....<.|
                                                                    |........--
                                                                    |.........
                                                                    --.......-
                                                                     ---....--
                                                                       |..---
                                                                       ----

31245981910 the Aborigine  St:17 Dx:13 Co:18 In:9 Wi:8 Ch:10  Neutral
Dlvl:3  $:10 HP:0(29) Pw:10(10) AC:8  Xp:3 T:1138  Fainted  Deaf

Latest messages:
 You regain consciousness.
 You can hear again.
 You swap places with Slasher.
 You hear crashing rock.
 You hear a chugging sound.
 You descend the stairs.
 You climb up the stairs.
 You faint from lack of food.
 You regain consciousness.
 You faint from lack of food.
 You regain consciousness.
 You can hear again.
 You faint from lack of food.
 You dream that you hear crashing rock.
 You regain consciousness.
 You faint from lack of food.
 You dream that you hear crashing rock.
 You regain consciousness.
 You can hear again.
 You hear some noises in the distance.
 You faint from lack of food.
 You dream that you hear crashing rock.
 You regain consciousness.
 You can hear again.
 You faint from lack of food.
 You dream that you hear crashing rock.
 You dream that you hear an E flat squeak in the distance.
 You regain consciousness.
 You can hear again.
 The kobold wields a club!
 You faint from lack of food.
 The jackal bites!
 The jackal bites!
 The kobold swings her club.
 The kobold hits!
 The jackal bites!
 Slasher bites the jackal.
 The jackal is killed!
 The kobold swings her club.
 The kobold hits!
 The kobold swings her club.
 The kobold hits!
 The kobold swings her club.
 The kobold hits!
 You die...
 Do you want your possessions identified? [ynq] (y) y
 Do you want to see your attributes? [ynq] (y) y
 Do you want an account of creatures vanquished? [ynaq] (y) y
 Do you want to see your conduct and achievements? [ynq] (y) y
 Do you want to see the dungeon overview? [ynq] (y) y

Inventory:
 Coins    ('$')
  $ - 10 gold pieces
 Weapons  (')')
  b - a +2 sling (alternate weapon; not wielded)
  a - a +1 club (weapon in right hand)
 Armor    ('[')
  e - an uncursed +0 leather armor (being worn)
 Gems/Stones  ('*')
  c - 25 uncursed flint stones (in quiver pouch)
  d - 29 uncursed rocks

31245981910 the Caveman's attributes:

Background:
 You were an Aborigine, a level 3 gnomish Caveman.
 You were neutral, nominally on a mission for Ishtar
 who was opposed by Anu (lawful) and Anshar (chaotic).
 You were right-handed.
 You were in the Gnomish Mines, on level 3.
 You entered the dungeon 1138 turns ago.
 You had 56 experience points, 24 more were needed to attain level 4.

Basics:
 You had 0 out of 29 hit points.
 You had all 10 energy points (spell power).
 Your armor class was 8.
 Your wallet contained 10 zorkmids.
 Autopickup was off.

Final Characteristics:
 Your strength was 17 (base:18, limit:18/50).
 Your dexterity was 13 (limit:18).
 Your constitution was 18 (limit:18).
 Your intelligence was 9 (limit:19).
 Your wisdom was 8 (limit:18).
 Your charisma was 10 (limit:18).

Final Status:
 You were deaf.
 You were fainted due to starvation.
 You were unencumbered.
 You were wielding a club.
 You had basic skill with club.

Final Attributes:
 You were fervently aligned.
 You had infravision.
 You were warded.
 You are dead.

Miscellaneous:
 You didn't encounter any bones levels.
 Total elapsed playing time was 8 minutes and 4 seconds.

Major events:
 Turn
    1: 31245981910 the neutral gnomish Caveman entered the dungeon
  801: attained the rank of Aborigine (level 3)
  932: entered the Gnomish Mines
 1138: killed by a kobold, while fainted from lack of food

You didn't know any spells.

Skills:
 Fighting Skills
   bare handed combat [Basic]
 Weapon Skills
   dagger             [Unskilled]
   knife              [Unskilled]
   axe                [Unskilled]
   pick-axe           [Unskilled]
   club               [Basic]
   mace               [Unskilled]
   morning star       [Unskilled]
   flail              [Unskilled]
   hammer             [Unskilled]
   quarterstaff       [Unskilled]
   polearms           [Unskilled]
   spear              [Unskilled]
   trident            [Unskilled]
   bow                [Unskilled]
   sling              [Basic]
   boomerang          [Unskilled]
   unicorn horn       [Unskilled]
 Spellcasting Skills
   attack spells      [Unskilled]
   matter spells      [Unskilled]

Voluntary challenges:
 Character rerolling was not enabled.
 You were an atheist.
 You were illiterate.
 You never genocided any monsters.
 You never polymorphed an object.
 You never changed form.
 You used no wishes.
Achievements:
 You attained the rank of Aborigine.
 You entered the Gnomish Mines.

 The Dungeons of Doom: levels 1 to 2
    Level 1:
    Level 2:
       Stairs down to The Gnomish Mines.
 The Gnomish Mines: levels 3 to 4
    Level 3: <- You were here.
       Final resting place for
          you, killed by a kobold, while fainted from lack of food.
    Level 4:


Vanquished creatures:
  3 fog clouds
  3 coyotes
  a giant rat
  a gnome
  a gnome zombie
  a gecko
  7 jackals
  2 kobolds
  2 goblins
  2 sewer rats
  5 grid bugs
  2 lichens
  3 newts
33 creatures vanquished.

No species were genocided or became extinct.

Game over:
                       ----------
                      /          \
                     /    REST    \
                    /      IN      \
                   /     PEACE      \
                  /                  \
                  |   31245981910    |
                  |      10 Au       |
                  |   killed by a    |
                  |      kobold      |
                  |                  |
                  |                  |
                  |       2026       |
                 *|     *  *  *      | *
        _________)/\\_//(\/(/\)/\//\/|_)_______

Goodbye 31245981910 the Caveman...

You died in The Gnomish Mines on dungeon level 3 with 393 points,
and 10 pieces of gold, after 1138 moves.
You were level 3 with a maximum of 29 hit points when you died.

